 Dungeon Crawl Stone Soup version 0.21.1-1-g345015f (webtiles) character file.

205 shitimlost the Sneak (level 5, 0/40 HPs)
             Began as a Vampire Assassin on Feb 19, 2018.
             Slain by an orc priest (1 damage)
             ... on level 3 of the Dungeon.
             The game lasted 00:09:24 (5930 turns).

shitimlost the Sneak (Vampire Assassin)             Turns: 5930, Time: 00:09:25

Health: 0/40       AC:  3    Str: 11    XL:     5   Next: 52%
Magic:  5/5        EV: 13    Int: 14    God:
Gold:   170        SH:  0    Dex: 15    Spells: 4/4 levels left

rFire    . . .     SeeInvis +   b - +0 blowgun
rCold    + . .     Gourm    .   (no shield)
rNeg     + + .     Faith    .   c - +0 robe
rPois    +         Spirit   .   (no helmet)
rElec    .         Reflect  .   d - +0 cloak
rCorr    .         Harm     .   (no gloves)
MR       .....                  (no boots)
Stlth    ++++......             (no amulet)
HPRegen  0.06/turn              (no ring)
MPRegen  0.09/turn              (no ring)

@: regenerating slowly
A: fangs 3, see invisible, unbreathing
a: Bat Form


You were on level 3 of the Dungeon.
You were very thirsty.

You visited 1 branch of the dungeon, and saw 4 of its levels.

You collected 170 gold pieces.

Inventory:

Hand Weapons
 a - a +2 dagger
 b - a +0 blowgun (weapon)
 e - a +3 spear
 k - a +0 dagger of protection
 r - a cursed -2 short sword
 z - a +0 hunting sling
Missiles
 f - a curare-tipped needle
 h - 3 javelins
 j - 65 sling bullets
 m - 131 stones
 B - 6 poisoned needles (quivered)
Armour
 c - a +0 robe (worn)
 d - a +0 cloak (worn)
 s - a -2 robe
Jewellery
 q - a cursed ring of fire {unknown}
 u - an uncursed ring of protection from cold {unknown}
 y - a +3 ring of evasion {unknown}
Scrolls
 o - 3 scrolls of blinking
 p - 3 scrolls of remove curse
 w - a scroll of amnesia
 x - 2 scrolls of random uselessness
Potions
 g - 9 potions of blood
 i - a potion of brilliance
 l - 2 potions of agility {unknown}
 n - a potion of lignification {unknown}
 t - a potion of flight {unknown}
 v - a potion of might {unknown}
 A - 2 potions of haste {unknown}


   Skills:
 + Level 2.8 Fighting
 + Level 3.5 Short Blades
 + Level 2.5 Throwing
 + Level 2.7 Dodging
 + Level 6.9 Stealth


You had 4 spell levels left.
You didn't know any spells.

Dungeon Overview and Level Annotations

Branches:
Dungeon (4/15)
 Temple: D:4-7

Altars:
Makhleb
Zin

Annotations:
D:3 Chopsticks's ghost, amateur MiFi


Innate Abilities, Weirdness & Mutations

You heal slowly.
You have razor-sharp teeth.
You have supernaturally acute eyesight. (SInv)
You can survive without breathing.


Message History

Wield which item (- for none, * to show all)? (? for menu, Esc to quit)
b - a +0 blowgun (weapon)
Firing (i - inventory. (,) - cycle):
B - 8 poisoned needles (quivered)
Press: ? - help, Shift-Dir - straight line, f - orc priest
Aim: an orc priest You shoot a poisoned needle.
The poisoned needle barely misses the orc priest.
The orc hits you with a dagger.
The orc priest calls down the wrath of Beogh upon you.
Beogh smites you!
* * * LOW HITPOINT WARNING * * *
Firing (i - inventory. (,) - cycle):
B - 7 poisoned needles (quivered)
Press: ? - help, Shift-Dir - straight line, f/p - orc priest
Aim: an orc priest You shoot a poisoned needle.
The poisoned needle hits the orc priest.
The orc priest is poisoned.
The orc hits you with a dagger.
* * * LOW HITPOINT WARNING * * *
The orc priest hits you.
You die...

)..# #..##.#....# #..# ##.#
#.###.#.##.# ##.# #.##
##.###.#.##.## #.# #..#
##..##....##..# #.#
#<.######..###..#####.# #.#
#.........###...# #.# #.#
##.#...##.###...## #.# ##.#
#....####.......## #.# #..#
...####.....#(.o@# #.# #.##
.### ##.#####.##o### #.# #.#
.# ##..# #..##...###.#
#.#### #####..##
#.#####..##.## #.#...
###...## ###.# ##.#>..#
#.#... #...######...#
#....[# ##..... ..###
#...### ##....# #...... ###
#.### #..#####..#... #
###.############........#...


You could see an orc priest and an orc.

Vanquished Creatures
  Jessica (D:2)
  4 adders
  4 gnolls
  2 worms
  A dart slug (D:2)
  3 leopard geckos
  An orc (D:4)
  3 ball pythons
  8 bats
  8 giant cockroaches
  11 hobgoblins
  4 jackals
  2 quokkas
  3 frilled lizards
  A giant cockroach zombie (D:3)
  15 goblins
  8 kobolds
  A quokka skeleton (D:2)
  9 rats
89 creatures vanquished.

Notes
Turn   | Place    | Note
-------+----------+-------------------------------------------
     0 | D:1      | shitimlost the Vampire Assassin began the quest for the Orb.
     0 | D:1      | Reached XP level 1. HP: 16/16 MP: 1/1
   332 | D:1      | Reached skill level 6 in Stealth
   336 | D:1      | Reached XP level 2. HP: 21/22 MP: 2/2
  1255 | D:1      | Reached XP level 3. HP: 27/27 MP: 3/3
  1438 | D:1      | You fall through a shaft!
  1495 | D:2      | Found a burning altar of Makhleb.
  1495 | D:2      | Found a glowing silver altar of Zin.
  1496 | D:2      | Noticed an angel
  1496 | D:2      | Noticed an Executioner
  2101 | D:2      | Noticed Jessica
  2854 | D:2      | Killed Jessica
  2854 | D:2      | Reached XP level 4. HP: 34/34 MP: 4/4
  3695 | D:3      | Noticed Chopsticks's ghost (amateur MiFi)
  3797 | D:3      | Reached XP level 5. HP: 38/39 MP: 5/5
  5929 | D:3      | HP: 2/40 [orc priest/divine providence (13)]
  5930 | D:3      | Slain by an orc priest

Skill      XL: |  1  2  3 |
---------------+----------+-----
Stealth        | 6 |  6.9
Fighting       | 2 |  2.8
Throwing       | 2 |  2.5
Dodging        | 2 |  2.7
Short Blades   | 3 |  3.5

Action                   |  1- 3 |  4- 6 || total
-------------------------+-------+-------++-------
Melee: Dagger            |   211 |   123 ||   334
       Bite              |    18 |     8 ||    26
 Fire: Blowgun           |     6 |    16 ||    22
 Abil: End Transformatio |     1 |     2 ||     3
       Bat Form          |     1 |     2 ||     3
  Use: Potion            |     3 |     5 ||     8
       Scroll            |       |     6 ||     6
 Stab: Sleeping          |    10 |     9 ||    19
       Distracted        |     1 |       ||     1
Armor: Robe              |    81 |    13 ||    94
Dodge: Dodged            |   121 |    68 ||   189
